 Dungeon Crawl Stone Soup version 0.24-a0-580-g6a6c3f83c1 (webtiles) character file.

Game seed: 10404067113938629898

3922 Gynju the Carver (level 10, 0/70 HPs)
             Began as a Barachi Fighter on Aug 22, 2019.
             Was a Priest of Cheibriados.
             Slain by a two-headed ogre
             ... wielding a cursed -3 giant club
              (19 damage)
             ... on level 9 of the Dungeon.
             The game lasted 00:19:55 (9835 turns).

Gynju the Carver (Barachi Fighter)                  Turns: 9835, Time: 00:19:55

Health: 0/70       AC: 19    Str: 28    XL:     10   Next: 20%
Magic:  15/15      EV:  5    Int: 15    God:    Cheibriados [***...]
Gold:   568        SH: 11    Dex: 25    Spells: 9/9 levels left

rFire    . . .     SeeInvis .   a - +1 long sword
rCold    . . .     Gourm    .   c - +0 shield
rNeg     . . .     Faith    .   C - +0 plate armour
rPois    .         Spirit   .   (no helmet)
rElec    .         Reflect  .   D - +0 cloak
rCorr    .         Harm     .   (no gloves)
MR       .....                  o - +0 pair of boots
Stlth    ..........             E - amulet of the acrobat
HPRegen  0.21/turn              j - +6 ring of protection
MPRegen  0.14/turn              y - +6 ring of dexterity

@: can't hop, very slow
A: +LOS, swims, slowness 1, strong legs 1
a: Hop, Bend Time, Temporal Distortion, Renounce Religion


You were on level 9 of the Dungeon.
You worshipped Cheibriados.
Cheibriados was most pleased with you.
You were not hungry.

You visited 2 branches of the dungeon, and saw 10 of its levels.
You also visited: Ossuary.

You collected 568 gold pieces.

Inventory:

Hand Weapons
 a - a +1 long sword (weapon)
Missiles
 e - 72 poisoned darts (quivered)
 p - 6 javelins
Armour
 c - a +0 shield (worn)
 o - a +0 pair of boots (worn)
 C - a +0 plate armour (worn)
 D - a +0 cloak (worn)
Jewellery
 j - a +6 ring of protection (left hand)
 n - an uncursed ring of flight
 y - a +6 ring of dexterity (right hand)
 E - an amulet of the acrobat (around neck)
 F - an uncursed ring of poison resistance
Wands
 q - a wand of flame (11)
 s - a wand of paralysis (7)
 B - a wand of acid (7)
 H - a wand of iceblast (8)
 K - a wand of scattershot (5)
Scrolls
 d - 5 scrolls of remove curse
 k - 4 scrolls of teleportation
 l - a scroll of amnesia
 v - 3 scrolls of immolation
 I - a scroll of enchant armour
 J - a scroll of identify
 L - a scroll of magic mapping
Potions
 g - 2 potions of curing
 h - a potion of cancellation
 i - a potion of agility
 m - 2 potions of heal wounds
 r - 2 potions of berserk rage
 t - a potion of lignification {unknown}
 u - 2 potions of invisibility
 w - 2 potions of mutation
 x - a potion of might
 z - a potion of ambrosia {unknown}
 A - 2 potions of flight
 G - a potion of brilliance
Comestibles
 f - 10 rations


   Skills:
 - Level 3.6 Fighting
 + Level 13.9 Long Blades
 - Level 3.6 Armour
 - Level 3.2 Shields
 + Level 7.2 Invocations


You had 9 spell levels left.
You didn't know any spells.
Your spell library was empty.

Dungeon Overview and Level Annotations

Branches:
Dungeon (9/15)             Temple (1/1) D:6         Ossuary (visited)
   Lair: D:8-11         Orc: D:9-12

Altars:
Cheibriados
Gozag
Hepliaklqana
Makhleb
Nemelex Xobeh
Okawaru
Ru
Sif Muna
Uskayaw
Wu Jian
Zin

Shops:
D:6 }


Innate Abilities, Weirdness & Mutations

Shadows flee at your approach. (+LOS)
You can swim through water.
You cover ground slowly.
You can hop short distances.


Message History

The two-headed ogre hits you with a +0 giant spiked club!!
You are too injured to fight recklessly!
You are too injured to fight recklessly!
You are too injured to fight recklessly!
Hop to where?
Press: ? - help, Dir - move target cursor Boing!
All of the chunks of flesh in your inventory have rotted away.
The two-headed ogre misses you. x2
You block the two-headed ogre's attack.
The two-headed ogre hits you with a +0 giant spiked club!
* * * LOW HITPOINT WARNING * * *
The two-headed ogre barely misses you. The two-headed ogre misses you.
You slash the two-headed ogre!
The two-headed ogre is severely wounded.
You slash the two-headed ogre!
The two-headed ogre is almost dead.
You block the two-headed ogre's attack.
The two-headed ogre hits you with a +0 giant spiked club!!
You die...

.....#########
###
..............
...
.....###########
#.#
................
#.#
......##########
#.# ...........#
#.# .....#####.#
#.# .[...#
#.#########.#
###'##
#......@O..?#
#.###
#############
#...#
###.########
#.........#
#########.# #.#
#.# # #.#


You could see a two-headed ogre.

Vanquished Creatures
  Pikel (D:8)
  Prince Ribbit (D:8)
  A hungry ghost (D:7)
  Duvessa (D:6)
  An orc warrior (D:9)
  2 ice beasts
  A sky beast (D:9)
  A black bear (D:8)
  A slave (D:8)
  A centaur (D:6)
  2 bullfrogs
  Dowan (D:6)
  A wyvern skeleton (D:6)
  4 scorpions
  5 killer bees (D:8)
  A howler monkey (D:9)
  3 crimson imps
  A centaur zombie (Ossuary)
  3 orc priests
  4 hounds
  6 jellies
  8 orc wizards
  3 centaur skeletons
  3 iguanas
  Terence (D:2)
  6 worker ants
  A killer bee zombie (D:5)
  A big kobold zombie (Ossuary)
  A hound zombie (D:8)
  A hound skeleton (D:5)
  6 mummies
  6 gnolls
  8 adders
  2 shadow imps
  An adder skeleton (D:9)
  An adder zombie (D:5)
  3 worms
  A dart slug (D:2)
  10 leopard geckos
  42 orcs
  A giant cockroach (D:2)
  2 gnoll zombies (Ossuary)
  6 goblins
  4 hobgoblins
  6 jackals
  8 kobolds
  8 quokkas
  4 ball pythons
  6 bats
  8 frilled lizards
  2 goblin zombies (Ossuary)
  A hobgoblin zombie (D:5)
  A jackal skeleton (D:8)
  2 kobold zombies
  A leopard gecko skeleton (D:8)
  An orc zombie (Ossuary)
  8 rats
216 creatures vanquished.

Notes
Turn   | Place    | Note
-------+----------+-------------------------------------------
     0 | D:1      | Gynju the Barachi Fighter began the quest for the Orb.
     0 | D:1      | Reached XP level 1. HP: 18/18 MP: 1/1
   176 | D:1      | Reached skill level 3 in Long Blades
   319 | D:1      | You fall into a shaft and drop 1 floor!
   319 | D:2      | Noticed Terence
   325 | D:2      | Killed Terence
   325 | D:2      | Reached skill level 4 in Long Blades
   325 | D:2      | Reached XP level 2. HP: 20/24 MP: 2/2
   325 | D:2      | Reached XP level 3. HP: 24/29 MP: 3/3
   766 | D:2      | Reached skill level 5 in Long Blades
   809 | D:2      | Found a glowing silver altar of Zin.
   884 | D:2      | Reached XP level 4. HP: 36/36 MP: 4/4
  2289 | D:3      | Reached skill level 6 in Long Blades
  2297 | D:3      | Reached XP level 5. HP: 36/41 MP: 5/5
  2567 | D:3      | Found a faded altar of an unknown god.
  3045 | D:4      | Reached skill level 7 in Long Blades
  3229 | D:3      | Reached XP level 6. HP: 42/47 MP: 6/6
  3700 | D:5      | Entered Level 5 of the Dungeon
  3715 | D:4      | Reached skill level 8 in Long Blades
  3959 | D:4      | Reached XP level 7. HP: 26/52 MP: 7/7
  4130 | D:5      | Found a sand-covered staircase.
  4137 | D:5      | Reached skill level 9 in Long Blades
  4140 | Ossuary  | Entered an ossuary
  4859 | D:5      | Reached skill level 10 in Long Blades
  5326 | D:4      | Reached XP level 8. HP: 10/59 MP: 8/8
  5803 | D:6      | Found a staircase to the Ecumenical Temple.
  5809 | Temple   | Entered the Ecumenical Temple
  5816 | Temple   | Became a worshipper of Cheibriados the Contemplative
  5935 | Temple   | Reached skill level 11 in Long Blades
  5949 | D:6      | Reached skill level 1 in Invocations
  6357 | D:6      | Reached * piety under Cheibriados
  6504 | D:6      | Found Cyujell's Gadget Emporium.
  6599 | D:6      | Noticed Duvessa
  6600 | D:6      | Noticed Dowan
  6609 | D:6      | Killed Duvessa
  6620 | D:6      | Killed Dowan
  7037 | D:7      | Found an opulent altar of Gozag.
  7286 | D:7      | Reached skill level 12 in Long Blades
  7335 | D:7      | Reached XP level 9. HP: 59/64 MP: 10/12
  7384 | D:7      | Found a hide-covered altar of Uskayaw.
  7385 | D:7      | Found a hazy altar of Hepliaklqana.
  7403 | D:7      | Found an iron altar of Okawaru.
  7763 | D:8      | Reached ** piety under Cheibriados
  7882 | D:8      | Reached skill level 5 in Invocations
  8139 | D:8      | Reached skill level 13 in Long Blades
  8360 | D:8      | Noticed Pikel
  8372 | D:8      | Killed Pikel
  8598 | D:9      | Reached XP level 10. HP: 67/70 MP: 14/14
  9013 | D:9      | Noticed Prince Ribbit
  9020 | D:9      | Reached *** piety under Cheibriados
  9077 | D:8      | Killed Prince Ribbit
  9770 | D:9      | Found a shimmering blue altar of Sif Muna.
  9823 | D:9      | Noticed a two-headed ogre
  9835 | D:9      | Slain by a two-headed ogre

Levels and vault maps discovered:
D:1:      evilmike_arrival_crescent, layout_loops_ring
D:2:      lemuel_upstairs_altar, layout_basic, lemuel_doored_altar,
          serial_forest, infiniplex_forest_clump_small,
          infiniplex_forest_clump_medium, infiniplex_forest_lined_corner,
          infiniplex_forest_clump_double, infiniplex_forest_straight_5,
          infiniplex_forest_end_double, infiniplex_forest_clump_curved,
          infiniplex_forest_lined_4_way, uniq_terence
D:3:      minmay_chambers_of_twos, layout_loops_ring,
          chequers_ecumenical_altar_twisty, first_ration, minmay_joined_circles
D:4:      layout_cave_pools
D:5:      layout_rooms, nicolae_ossuary_entry_giza
D:6:      layout_cave_pools, minmay_temple_entry_hall, serial_shops, shop,
          uniq_duvessa
D:7:      layout_loops_cross, grunt_temple_overflow_open,
          nicolae_gozag_cash_rules_everything_around_me
D:8:      layout_basic, uniq_pikel
D:9:      layout_basic, nicolae_overflow_crystal_walls, david_orc_5,
          uniq_prince_ribbit1
Temple:   compressed_dpeg_circular_temple

Skill      XL: |  1  2  3  4  5  6  7  8  9 10 |
---------------+-------------------------------+-----
Long Blades    | 4 5 6 7 8 10 12 13 | 13.9
Invocations    | 4 6 7 |  7.2
Fighting       | |  3.6
Armour         | |  3.6
Shields        | |  3.2

Action                   |  1- 3 |  4- 6 |  7- 9 | 10-12 || total
-------------------------+-------+-------+-------+-------++-------
Melee: Long sword        |    67 |   251 |   191 |   116 ||   625
       Rapier            |       |       |   266 |       ||   266
Invok: Bend Time         |       |       |     1 |     3 ||     4
 Abil: Hop               |       |       |       |     2 ||     2
  Use: Potion            |     1 |       |       |       ||     1
       Scroll            |       |    10 |    13 |       ||    23
  Eat: Chunk             |       |    12 |    12 |     2 ||    26
       Ration            |       |       |     2 |       ||     2
Armor: Scale mail        |    35 |   131 |   198 |    38 ||   402
       Plate armour      |       |       |       |    12 ||    12
Dodge: Dodged            |    29 |    86 |   130 |    53 ||   298
Block: Shield            |    42 |   161 |   233 |    71 ||   507
       Rpst.: Long sword |    13 |    24 |    19 |     9 ||    65

Table legend:
 A = Non-vault XP
 B = Vault XP
 C = Vault XP percentage of total XP
 D = Non-vault monster count
 E = Vault monster count
 F = Vault count percentage of total count
                 A         B        C        D         E       F
            +---------+---------+-------+---------+---------+-------
      Total |    4010 |    1593 |  28.4 |     167 |      48 |  22.3
            +---------+---------+-------+---------+---------+-------
        D:1 |      22 |       0 |   0.0 |      13 |       0 |   0.0
        D:2 |      66 |      36 |  35.3 |      21 |       1 |   4.5
        D:3 |      86 |      80 |  48.2 |      19 |      17 |  47.2
        D:4 |     465 |       0 |   0.0 |      18 |       0 |   0.0
        D:5 |     366 |      20 |   5.2 |      25 |       3 |  10.7
        D:6 |     609 |     217 |  26.3 |      17 |       2 |  10.5
        D:7 |     332 |       0 |   0.0 |       7 |       0 |   0.0
        D:8 |    1380 |     927 |  40.2 |      25 |       6 |  19.4
        D:9 |     572 |     148 |  20.6 |      16 |       6 |  27.3
     Temple |     112 |       0 |   0.0 |       6 |       0 |   0.0
    Ossuary |       0 |     165 | 100.0 |       0 |      13 | 100.0
            +---------+---------+-------+---------+---------+-------
